 Dungeon Crawl Stone Soup version 0.28.0-1-gb440e238dd (webtiles) character file.

Game seed: 2127889916313894771

632 zeram the Slinger (level 7, 0/33 HPs)
             Began as a Spriggan Hunter on Feb 27, 2022.
             Slain by a wyvern skeleton (13 damage)
             ... on level 5 of the Dungeon.
             The game lasted 00:06:21 (4443 turns).

zeram the Slinger (Spriggan Hunter)                 Turns: 4443, Time: 00:06:22

Health: 0/33       AC:  2    Str:  8    XL:     7   Next: 24%
Magic:  8/8        EV: 19    Int: 18    God:
Gold:   241        SH:  0    Dex: 18    Spells: 1/6 levels left

rFire   . . .      SeeInvis +   b - +0 short sword
rCold   . . .      Faith    .   (no shield)
rNeg    . . .      Spirit   .   c - +0 robe
rPois   .          Reflect  .   (helmet restricted)
rElec   .          Harm     .   (no cloak)
rCorr   .          Rampage  .   (gloves unavailable)
Will    +....                   (boots unavailable)
Stlth   ++........              (no amulet)
HPRegen 0.11/turn               h - ring of flight
MPRegen 0.11/turn               m - +6 ring of intelligence

@: flying, very quick
A: very small, no large weapons, unfitting armour, see invisible, speed 3
a: no special abilities


You were on level 5 of the Dungeon.
You visited 1 branch of the dungeon, and saw 5 of its levels.

You collected 241 gold pieces.

Inventory:

Hand Weapons
 a - a +1 hunting sling
 b - a +0 short sword (weapon)
Missiles
 f - 39 stones
 n - 23 sling bullets
Armour
 c - a +0 robe (worn)
Jewellery
 h - a ring of flight (left hand)
 m - a +6 ring of intelligence (right hand)
Scrolls
 g - a scroll of teleportation
 l - 2 scrolls of blinking
Potions
 d - a potion of heal wounds
 e - a potion of mutation
 i - a potion of cancellation {unknown}
 j - 2 potions of ambrosia {unknown}
 o - 3 potions of brilliance
 q - a potion of resistance {unknown}


   Skills:
 - Level 1.5 Fighting
 + Level 10.3 Slings
 + Level 3.9 Dodging
 - Level 1.5 Stealth


You had one spell level left.
You knew the following spells:

 Your Spells              Type           Power      Damage    Failure   Level
a - Ensorcelled Hibernat  Hex/Ice        0%         N/A       32%         2
b - Mephitic Cloud        Conj/Pois/Air  0%         N/A       54%         3

Your spell library contained the following spells:

 Spells                   Type           Power      Damage    Failure   Level
 Ignite Poison            Fire/Tmut/Pois 0%         N/A       54%         3
 Spider Form              Tmut/Pois      0%         N/A       54%         3
 Anguish                  Hex/Necr       0%         N/A       91%         4
 Freezing Cloud           Conj/Ice/Air   0%         6-21      99%         5


Dungeon Overview and Level Annotations

Branches:
Dungeon (5/15)
 Temple: D:4-7

Altars:

Shops:
D:3 =


Innate Abilities, Weirdness & Mutations

You are very small and have problems with some larger weapons.
You are too small for most types of armour.
You have supernaturally acute eyesight. (SInv)
You cover ground extremely quickly. (Speed+++)


Message History

You shoot a stone. The stone hits the wyvern skeleton.
The wyvern skeleton is lightly damaged.
You shoot a stone. The stone hits the wyvern skeleton.
The wyvern skeleton is moderately damaged.
You shoot a stone.
The stone hits the wyvern skeleton but does no damage.
The wyvern skeleton is moderately damaged.
You shoot a stone. The stone hits the wyvern skeleton.
The wyvern skeleton is moderately damaged.
You shoot a stone.
The stone barely misses the wyvern skeleton.
You shoot a stone.
The stone barely misses the wyvern skeleton.
You shoot a stone. The stone hits the wyvern skeleton.
The wyvern skeleton is moderately damaged.
The wyvern skeleton closely misses you.
You shoot a stone. The stone hits the wyvern skeleton.
The wyvern skeleton is heavily damaged.
The wyvern skeleton closely misses you.
You shoot a stone. The stone hits the wyvern skeleton.
The wyvern skeleton is heavily damaged.
The wyvern skeleton bites you.
You shoot a stone. The stone hits the wyvern skeleton.
The wyvern skeleton is heavily damaged.
The wyvern skeleton misses you.
You shoot a stone. The stone hits the wyvern skeleton.
The wyvern skeleton is severely damaged.
The wyvern skeleton bites you!
b - a +0 short sword (weapon)
You hit the wyvern skeleton.
The wyvern skeleton is severely damaged.
The wyvern skeleton completely misses you.
The wyvern skeleton barely misses you.
You hit the wyvern skeleton.
The wyvern skeleton is almost destroyed.
The wyvern skeleton misses you.
You hit the wyvern skeleton.
The wyvern skeleton is almost destroyed.
The wyvern skeleton closely misses you. The wyvern skeleton bites you!
You die...

#. #.########
#........#
#........#
###.=......#
.......(..#
#...(.#
#####..@..+
#.....Z...#
#....)....#
#...((#####
##. #.))))#
.. #.(...#
..##+#(....#
#.#.((#'####
####.#...#...
#


You could see a wyvern skeleton.

Vanquished Creatures
  A necrophage (D:3)
  A scorpion (D:4)
  A howler monkey (D:5)
  A bullfrog zombie (D:4)
  A centaur zombie (D:4)
  A bullfrog skeleton (D:4)
  A hound (D:2)
  2 centaur skeletons
  A scorpion zombie (D:4)
  Natasha (D:2)
  2 hound skeletons (D:4)
  3 adders
  2 gnolls (D:5)
  2 adder zombies (D:4)
  An adder skeleton (D:4)
  A worm (D:2)
  3 dart slugs
  7 orcs
  12 ball pythons
  5 bats
  2 endoplasms
  3 giant cockroaches
  9 goblins
  11 hobgoblins
  8 jackals
  3 quokkas
  3 frilled lizards
  7 kobolds
  9 rats
104 creatures vanquished.

Vanquished Creatures (others)
  Natasha (D:2)
  6 plants (D:3)
  2 withered plants (D:4)
9 creatures vanquished.

Grand Total: 113 creatures vanquished

Notes
Turn   | Place    | Note
-------+----------+-------------------------------------------
     0 | D:1      | zeram the Spriggan Hunter began the quest for the Orb.
     0 | D:1      | Reached XP level 1. HP: 10/10 MP: 2/2
    44 | D:1      | Reached skill level 5 in Slings
    52 | D:1      | Reached XP level 2. HP: 8/14 MP: 3/3
   472 | D:1      | Reached skill level 6 in Slings
   522 | D:1      | Reached XP level 3. HP: 18/18 MP: 4/4
   523 | D:1      | Found a faded altar of an unknown god.
  1250 | D:2      | Noticed Natasha
  1260 | D:2      | Killed Natasha
  1261 | D:2      | Reached skill level 7 in Slings
  1261 | D:2      | Reached XP level 4. HP: 20/22 MP: 5/5
  1571 | D:2      | Reached XP level 5. HP: 25/25 MP: 6/6
  1645 | D:2      | Noticed Natasha
  1658 | D:2      | Killed Natasha
  1931 | D:3      | Found Otwomn's Jewellery Shoppe.
  2284 | D:3      | Reached skill level 8 in Slings
  2692 | D:4      | Noticed a necrophage
  2745 | D:3      | Killed a necrophage
  2746 | D:3      | Reached XP level 6. HP: 27/30 MP: 7/7
  2894 | D:4      | Reached skill level 9 in Slings
  3690 | D:4      | Reached XP level 7. HP: 31/33 MP: 8/8
  3746 | D:4      | Learned a level 2 spell: Ensorcelled Hibernation
  3750 | D:4      | Learned a level 3 spell: Mephitic Cloud
  4148 | D:5      | Entered Level 5 of the Dungeon
  4167 | D:5      | Reached skill level 10 in Slings
  4443 | D:5      | Slain by a wyvern skeleton

Illustrated notes

Levels and vault maps discovered:
D:1:      mrwooster_arrival_statue, layout_rooms,
          hellmonk_ecumenical_altar_dog_temple
D:2:      layout_loops_ring, uniq_natasha
D:3:      layout_loops_ring, serial_shops, shop, serial_bayou,
          serial_bayou_shore_b, serial_bayou_pond_a, serial_bayou_shore_a,
          serial_bayou_pond_c
D:4:      layout_loops_corners, serial_undead, serial_undead_d, serial_undead_a,
          serial_undead_e, serial_undead_f
D:5:      layout_basic, mainiacjoe_overflow_paths, lemuel_temple_firewalk_a

Skill      XL: |  1  2  3  4  5  6  7 |
---------------+----------------------+-----
Slings         | 5 6 7 8 9 10 | 10.3
Dodging        | 3 |  3.9
Fighting       | |  1.5
Stealth        | |  1.5

Action                   |  1- 3 |  4- 6 |  7- 9 || total
-------------------------+-------+-------+-------++-------
Melee: Short sword       |     2 |     9 |     3 ||    14
 Fire: Hunting sling     |   153 |   229 |    79 ||   461
  Use: Scroll            |     1 |     7 |       ||     8
 Stab: Sleeping          |       |     2 |       ||     2
Armor: Robe              |     4 |     7 |     4 ||    15
Dodge: Dodged            |    38 |   100 |    35 ||   173
